Map: Old Republic LE

Players

SCIInewby - Winner!

  • Race: Protoss Protoss
  • League: Master
  • Spawn Location: 7:00

shubert

  • Race: Terran Terran
  • League: Gold
  • Spawn Location: 1:00

VOD

Have the link to the VOD?

Description

Time

  • Played on: Feb. 7, 2026, 3:12 p.m.
  • Length: 10:08
Show
View Real Time Build Order
Export as new Build Order

SCIInewby Protoss - Winner!

Build Orders: 1 Gate Expand 

Get SALT Encoding   

  12  0:00  Probe  
  13  0:13  Probe  
  14  0:22  Pylon  
  14  0:25  Probe  
  15  0:44  Gateway, Probe  
  16  0:56  Probe  
  17  1:08  Probe  
  18  1:16  Assimilator  
  18  1:20  Probe  
  19  1:33  Probe  
  19  1:37  Assimilator  
  20  1:41  Pylon  
  20  1:44  Nexus  
  20  1:47  Zealot  
  22  2:08  Forge  
  22  2:13  Pylon  
  21  2:38  Probe  
  22  2:50  Probe  
  23  2:54  Cybernetics Core  
  23  2:56  Zealot  
  25  3:02  Probe  
  26  3:07  Probe  
  26  3:10  Probe  
  27  3:15  Probe  
  29  3:22  Gateway  
  29  3:23  Zealot, Gateway, Probe  
  29  3:24  Gateway  
  30  3:28  Probe  
  30  3:31  Probe  
  31  3:36  Probe  
  31  3:41  Assimilator  
  31  3:59  Stalker  
  33  4:06  Stalker  
  33  4:07  Stalker x2  
  33  4:09  Photon Cannon  
  36  4:35  Probe x2  
  37  4:40  Zealot x2  
  37  4:41  Zealot  
  37  4:44  Warp Gate  
  43  4:47  Probe x2  
  45  4:59  Probe x2  
  45  5:01  Zealot  
  47  5:07  Zealot x2  
  47  5:11  Probe, Twilight Council  
  52  5:16  Probe  
  52  5:20  Stargate  
  52  5:21  Probe  
  53  5:27  Protoss Ground Weapons Level 1  
  54  5:43  Charge  
  54  5:49  Assimilator  
  54  6:14  Fleet Beacon  
  54  6:16  Pylon  
  54  6:19  Pylon  
  54  6:29  Dark Shrine  
  54  6:34  Probe x2, Zealot x3  
  54  6:39  Pylon  
  62  6:40  Pylon  
  62  6:43  Pylon  
  62  6:47  Probe x2  
  64  6:58  Carrier  
  64  6:59  Probe  
  71  7:08  Protoss Air Weapons Level 1  
  79  7:22  Mothership  
  79  7:33  Probe  
  79  7:36  Nexus  
  79  7:41  Zealot x2  
  79  7:42  Zealot x2  
  87  7:45  Probe  
  88  7:58  Probe  
  73  8:12  Pylon  
  73  8:15  Pylon  
  57  8:30  Carrier  
  63  8:42  Dark Templar x2  
  67  8:51  Dark Templar  
  69  9:01  Zealot  
  71  9:04  Probe  
  71  9:05  Probe x2  
  74  9:16  Probe  
  74  9:17  Probe  
  76  9:20  Probe  
  76  9:22  Photon Cannon  
  76  9:23  Photon Cannon  
  77  9:28  Probe x2  
  77  9:29  Probe  
  73  9:34  Zealot  
  82  9:49  Robotics Facility  
  82  9:50  Robotics Facility  
  82  9:53  Zealot x2  
  82  9:54  Zealot  
Show
View Real Time Build Order
Export as new Build Order

shubert Terran 

Build Orders: Cyclone Opening, Mech 

Get SALT Encoding   

  12  0:00  SCV  
  13  0:14  SCV  
  13  0:18  Supply Depot  
  14  0:26  SCV  
  15  0:28  Refinery  
  15  0:40  SCV  
  16  0:45  Barracks  
  16  0:52  SCV  
  17  0:58  Refinery  
  17  1:04  SCV  
  18  1:13  Supply Depot  
  18  1:18  SCV  
  19  1:31  SCV  
  20  1:39  Factory  
  20  1:41  Barracks Reactor  
  20  1:50  SCV  
  21  2:02  Orbital Command  
  21  2:18  Marine  
  21  2:19  Marine  
  21  2:22  Factory Tech Lab  
  23  2:42  Command Center  
  23  2:44  Cyclone  
  24  3:01  Marine x2  
  25  3:08  SCV  
  26  3:19  Marine x2  
  28  3:26  Hellion  
  30  3:30  SCV  
  31  3:41  Command Center  
  31  3:59  Supply Depot  
  31  4:04  Supply Depot  
  31  4:20  SCV, Siege Tank  
  35  4:27  Marine  
  36  4:32  SCV  
  37  4:38  Supply Depot  
  37  4:44  SCV  
  37  4:45  Marine  
  38  4:46  Factory  
  38  4:47  Factory  
  38  4:52  Command Center  
  39  4:57  SCV  
  39  4:58  Orbital Command  
  37  5:09  SCV  
  38  5:14  Bunker  
  38  5:17  Siege Tank  
  38  5:21  SCV  
  42  5:27  Refinery, SCV  
  43  5:31  Supply Depot  
  43  5:37  Hellion  
  43  5:39  Factory Tech Lab  
  45  5:44  Hellion  
  47  5:53  Siege Tank  
  47  5:54  SCV  
  47  5:56  Infernal Pre-Igniter  
  51  5:57  SCV  
  52  6:06  SCV  
  52  6:09  Armory  
  52  6:10  SCV  
  55  6:18  SCV  
  55  6:21  Hellion  
  55  6:22  SCV  
  58  6:30  Orbital Command, SCV  
  59  6:34  SCV  
  60  6:40  Refinery  
  60  6:42  SCV  
  60  6:45  Supply Depot  
  60  6:46  SCV  
  62  6:51  Hellion x2  
  66  6:54  SCV  
  66  6:58  SCV, Terran Vehicle Weapons Level 1  
  66  7:00  SCV  
  69  7:06  SCV  
  70  7:09  Siege Tank  
  70  7:10  SCV  
  70  7:12  SCV  
  75  7:18  Hellion  
  75  7:19  SCV  
  75  7:22  SCV  
  79  7:24  SCV  
  79  7:25  Supply Depot  
  79  7:28  Hellbat  
  82  7:31  SCV  
  85  7:41  Thor  
  91  7:49  Starport  
  91  7:50  SCV  
  92  7:52  Engineering Bay  
  92  7:55  SCV x2  
  92  7:56  Starport  
  92  7:57  Factory  
  92  8:02  Hellion x2, SCV  
  97  8:05  Refinery  
  97  8:07  SCV x2  
  97  8:09  Refinery  
  91  8:15  SCV  
  82  8:20  Hellion x3  
  82  8:24  Thor  
  89  8:27  SCV x2  
  89  8:33  Raven  
  92  8:35  Factory Tech Lab  
  92  8:37  Hellion x2  
  92  8:40  SCV x2  
  96  8:48  Hellbat  
  98  8:49  Missile Turret  
  98  8:52  SCV  
  98  8:53  Missile Turret  
  98  8:54  SCV x2  
  101  9:00  Missile Turret  
  101  9:01  Siege Tank  
  104  9:05  SCV, Missile Turret  
  104  9:06  SCV  
  104  9:07  SCV  
  107  9:12  Factory Tech Lab  
  107  9:14  Hellbat  
  109  9:21  Supply Depot  
  109  9:24  SCV, Siege Tank, Raven, Hellbat  
  117  9:33  Siege Tank  
  120  9:40  Hellbat  
  120  9:43  SCV  
  129  9:46  Hellbat  
  131  9:54  SCV  
Tags
 
Add a new tag
Caveats
  • Supply blocks, unpowered buildings, or Contaminate may cause inaccurate times.
  • Supply counts are checked every 10 seconds.